 Dungeon Crawl Stone Soup version 0.32-a0-558-g233958a4c4 (webtiles) character file.

Game seed: 4204856064905370067

46 inmateoo the Poker (level 3, -5/28 HPs)
             Began as a Coglin Gladiator on Mar 1, 2024.
             Slain by an iguana (8 damage)
             ... on level 2 of the Dungeon.
             The game lasted 00:01:01 (1091 turns).

inmateoo the Poker (Coglin Gladiator)               Turns: 1091, Time: 00:01:02

Health: -5/28      AC:  7    Str: 16    XL:     3   Next: 66%
Magic:  3/3        EV: 10    Int:  7    God:
Gold:   110        SH:  0    Dex: 15    Spells: 2/2 levels left

rFire   . . .        a - +0 trident {Fernanda}
rCold   . . .        (no shield)
rNeg    . . .        j - +0 scale mail
rPois   .            c - +0 helmet
rElec   .            (no cloak)
rCorr   .            (no gloves)
SInv    .            (no boots)
Will    .....        (amulet unavailable) Stlth
                     (ring unavailable)
HPRegen 0.24/turn    (ring unavailable)
MPRegen 0.08/turn    (no gizmo)

%: no passive effects
@: revved
A: off-hand wielding, slow wielding, warmup strikes, no jewelry
a: Invent Gizmo


You were on level 2 of the Dungeon.
You visited 1 branch of the dungeon, and saw 2 of its levels.

You collected 110 gold pieces.

Inventory:

Hand Weapons
 a - a +0 trident (weapon) {Fernanda}
Missiles
 d - 3 throwing nets (quivered)
 e - a javelin
Armour
 c - a +0 helmet (worn)
 j - a +0 scale mail (worn)
Scrolls
 f - a scroll of vulnerability {unknown}
 g - 2 scrolls of identify {unknown}
 h - 2 scrolls of noise {unknown}
 l - a scroll of acquirement {unknown}
 n - a scroll of enchant weapon {unknown}
Potions
 b - 3 potions of curing {unknown}
 i - a potion of attraction {unknown}
 k - 2 potions of might {unknown}
 m - a potion of enlightenment {unknown}


   Skills:
 + Level 2.4 Fighting
 * Level 3.3 Polearms
 - Level 1.7 Throwing
 + Level 1.1 Armour
 + Level 3.0 Dodging


You had 2 spell levels left.
You didn't know any spells.
Your spell library was empty.

Dungeon Overview and Level Annotations

Branches:
Dungeon (2/15)

Altars:


Innate Abilities, Weirdness & Mutations

You can wield a second weapon in your off-hand.
It takes a long time for you to wield or remove held weapons.
Your first few attacks do less damage.
You cannot equip rings or amulets.


Message History

You barely miss the giant cockroach. The giant cockroach closely misses you.
The giant cockroach bites you but does no damage.
A giant cockroach is nearby!
You hit the giant cockroach.
The giant cockroach is severely wounded.
The giant cockroach barely misses you.
A giant cockroach is nearby!
You hit the giant cockroach but do no damage.
The giant cockroach is severely wounded.
The giant cockroach bites you but does no damage.
You hit the giant cockroach.
You kill the giant cockroach!
A ball python comes into view.
An iguana comes into view.
Found a scroll labelled SIRRIE SOEXTAKLET.
The iguana hisses angrily.
There are monsters nearby!
There are monsters nearby!
You hit the iguana but do no damage. The iguana bites you.
You puncture the iguana!
The iguana is heavily wounded.
The ball python bites you. The ball python barely misses you.
The iguana barely misses you.
The ball python bites you but does no damage.
The ball python grabs you. The ball python constricts you.
The ball python's grasp on you weakens, but your attempt to escape fails.
The iguana bites you! The ball python bites you.
The ball python constricts you.
* * * LOW HITPOINT WARNING * * *
You escape the ball python's grasp.
You are too injured to fight recklessly!
You barely miss the iguana.
The iguana is heavily wounded.
The iguana bites you.
* * * LOW HITPOINT WARNING * * *
You are too injured to fight recklessly!
You hit the iguana.
The iguana is heavily wounded.
The iguana bites you!
You die...

....# #....###.## ......
##....##..# ...#..
#.......#.. ......# #
#.......##. ....#..#.
#?#..........
#....#..##..##.######...
#......S..# #.# ####...
.#...#l######.###......
####.@#..........##...
#...............##...
........###.#.......###.
.####.#.# #.........# #
...#..##...).....# #
..................## #
....####..###......#####
...# #.# #...........
...######.###..........<


You could see an iguana and a ball python.

Vanquished Creatures
  An adder (D:2)
  A dart slug (D:1)
  3 ball pythons (D:1)
  3 bats
  3 endoplasms (D:1)
  3 giant cockroaches
  2 goblins
  2 hobgoblins
  4 kobolds
  3 quokkas (D:1)
  3 frilled lizards
  4 rats
32 creatures vanquished.

Notes
Turn   | Place    | Note
-------+----------+-------------------------------------------
     0 | D:1      | inmateoo the Coglin Gladiator began the quest for the Orb.
     0 | D:1      | Reached XP level 1. HP: 16/16 MP: 1/1
   202 | D:1      | Reached XP level 2. HP: 22/22 MP: 2/2
   522 | D:1      | Reached XP level 3. HP: 27/27 MP: 3/3
   910 | D:2      | Reached skill level 1 in Armour
  1091 | D:2      | Slain by an iguana

Illustrated notes

Levels and vault maps discovered:
D:1:      psy_arrival_spokes, layout_loops_ring, chequers_big_river,
          corexii_leaking_fountain
D:2:      layout_rooms, hangedman_decor_lopped, minmay_increasing_density,
          uniq_terence

Skill      XL: |  1  2  3 |
---------------+----------+-----
Polearms       | 3 |  3.3
Dodging        | 3 |  3.0
Armour         | 1 |  1.1
Fighting       | |  2.4
Throwing       | |  1.7

Action                     || total
---------------------------++-------
  Melee: Trident           ||   121
 Armour: Leather armour    ||    34
         Scale mail        ||    23
  Dodge: Dodged            ||    74

Table legend: (Time is in decaauts)
 A = Elapsed time spent in this place.
 B = Non-inter-level travel time spent in this place.
 C = Inter-level travel time spent in this place.
 D = Time resting spent in this place.
 E = Time spent auto-exploring this place.
 F = Levels seen in this place.
 G = Mean time per level.
                   A        B        C        D        E       F      G
               +--------+--------+--------+--------+--------+-----+--------+
         Total |   1121 |   1031 |     90 |     49 |    716 |   2 |  560.5 |
       Dungeon |   1121 |   1031 |     90 |     49 |    716 |   2 |  560.5 |
               +--------+--------+--------+--------+--------+-----+--------+

Top non-repeatable levels by time:
     D:1: 921 daAuts
     D:2: 199 daAuts
